 Dungeon Crawl Stone Soup version 0.30-a0-591-g3c58d2bc28 (webtiles) character file.

Game seed: 15843307367162966825

117 wormed the Insei (level 5, -1/34 HPs)
             Began as an Octopode Transmuter on Jan 6, 2023.
             Splashed by a jelly's acid (2 damage)
             ... on level 4 of the Dungeon.
             The game lasted 00:03:13 (2004 turns).

wormed the Insei (Octopode Transmuter)              Turns: 2004, Time: 00:03:14

Health: -1/34      AC: -7    Str: 10    XL:     5   Next: 1%
Magic:  5/8        EV: 13    Int: 17    God:
Gold:   124        SH:  0    Dex: 12    Spells: 1/8 levels left

rFire   . . .      SeeInvis .      - Unarmed
rCold   + . .      Faith    .    (no shield)
rNeg    + . .      Spirit   .    (helmet currently unavailable)
rPois   .          Reflect  .    (no amulet)
rElec   .          Harm     .    d - ring of protection from cold
rCorr   .          Rampage  .    f - ring of willpower
Will    +....                    l - ring of positive energy
Stlth   ++                       (no ring)
HPRegen 0.25/turn                (no ring)
MPRegen 0.11/turn                (no ring)
                                 (no ring)
                                 (no ring)

@: appendages (expiring), wereblooded, corroded
A: tentacle spike 3, almost no armour, amphibious, 8 rings, camouflage 1,
gelatinous body 1, (nimble swimmer 1), tentacles
a: End Transformation


You were on level 4 of the Dungeon.
One of your tentacles had grown a beastly spike.
You visited 1 branch of the dungeon, and saw 4 of its levels.

You collected 124 gold pieces.

Inventory:

Jewellery
 d - a ring of protection from cold (left tentacle)
 f - a ring of willpower (right tentacle)
 l - a ring of positive energy (on tentacle)
Wands
 j - a wand of iceblast (12)
 m - a wand of mindburst (18)
Scrolls
 a - a scroll of magic mapping {unknown}
 b - 3 scrolls of identify {unknown}
 g - a scroll of vulnerability {unknown}
 h - a scroll of enchant armour {unknown}
 n - a scroll of blinking {unknown}
Potions
 c - 3 potions of curing
 e - a potion of heal wounds {unknown}
 i - a potion of berserk rage {unknown}
 k - a potion of invisibility {unknown}
 o - a potion of lignification


   Skills:
 + Level 1.8 Fighting
 + Level 2.4 Dodging
 + Level 3.4 Unarmed Combat
 + Level 2.4 Spellcasting
 * Level 3.2 Transmutations
 + Level 1.3 Ice Magic


You had one spell level left.
You knew the following spells:

 Your Spells              Type           Power      Damage    Failure   Level
a - Beastly Appendage     Tmut           26%        N/A       4%          1
b - Wereblood             Tmut           13%        N/A       8%          2
z - Ice Form              Ice/Tmut       9%         N/A       56%         4

Your spell library contained the following spells:

 Spells                   Type           Power      Damage    Failure   Level
 Passwall                 Tmut/Erth      5%         N/A       14%         2
 Ensorcelled Hibernation  Hex/Ice        8%         N/A       22%         2
 Spider Form              Tmut/Pois      7%         N/A       28%         3
 Swiftness                Air            2%         N/A       50%         3


Dungeon Overview and Level Annotations

Branches:
Dungeon (4/15)
 Temple: D:4-7

Altars:
Yredelemnul

Shops:
D:1 =

Annotations:
D:2 Natasha
D:3 1 runed translucent door, Crazy Yiuf


Innate Abilities, Weirdness & Mutations

One of your tentacles has grown a beastly spike.
You cannot wear most types of armour.
You are amphibious.
You can wear up to eight rings at the same time.
Your skin changes colour to match your surroundings (Stealth+).
Your rubbery body absorbs attacks. (AC +1, EV +1)
((You are camouflaged when in or above water. (Stealth+)))
You have tentacles for arms and can constrict up to eight enemies at once.


Message History

No target in view!
HP restored.
A jelly comes into view.
A jelly is nearby!
A jelly is nearby!
A jelly is nearby!
Casting: Wereblood (safe; 8% risk of failure)
Confirm with . or Enter, or press ? or * to list all spells.
One of your tentacles grows a vicious spike.
Casting: Beastly Appendage (safe; 4% risk of failure)
Confirm with . or Enter, or press ? or * to list all spells.
Your blood is infused with primal strength.
Casting: Wereblood (safe; 8% risk of failure)
Confirm with . or Enter, or press ? or * to list all spells.
You don't know that spell.
Your transformation is almost over.
The helpless jelly fails to defend itself.
You tentacle-slap the jelly.
Your tentacles burn!
You squeeze the jelly.
The jelly is heavily wounded.
The jelly hits you. The acid corrodes you!
You are splashed with acid!
You tentacle-slap the jelly but do no damage.
The acid corrodes you!
Your tentacles burn!
You pierce the jelly.
Your squeeze misses the jelly.
The jelly is heavily wounded.
The jelly misses you.
You are too injured to fight recklessly!
You tentacle-slap the jelly but do no damage.
Your tentacles burn!
You squeeze the jelly.
The jelly is almost dead.
The jelly closely misses you.
You tentacle-slap the jelly but do no damage.
Your tentacles burn!
The jelly is almost dead.
The jelly hits you.
* * * LOW HITPOINT WARNING * * *
The acid corrodes you!
You are splashed with acid!
* * * LOW HITPOINT WARNING * * *
You tentacle-slap the jelly but do no damage.
Your tentacles burn!
You die...

# #. #.#####
#......
###.....######
....>..J.....# #.
#@#### #.##.##.#
#.##....#
#.#####.########.
#.# #...†......
#.#####.########.
#..........#
#..#######.# #.<#
#


You could see a jelly.

Vanquished Creatures
  Jessica (D:2)
  Terence (D:2)
  An adder (D:2)
  5 worms (D:2)
  3 dart slugs
  3 ball pythons
  4 bats
  3 endoplasms
  A giant cockroach (D:4)
  A goblin (D:1)
  4 hobgoblins
  2 kobolds
  3 quokkas (D:1)
  3 frilled lizards
  3 rats
38 creatures vanquished.

Notes
Turn   | Place    | Note
-------+----------+-------------------------------------------
     0 | D:1      | wormed the Octopode Transmuter began the quest for the Orb.
     0 | D:1      | Reached XP level 1. HP: 13/13 MP: 3/3
     2 | D:1      | Noticed a merfolk
     2 | D:1      | Noticed a tengu
     4 | D:1      | Noticed a ghoul
     6 | D:1      | Noticed a felid
     6 | D:1      | Noticed a vampire
     8 | D:1      | Noticed a minotaur
     8 | D:1      | Noticed a vine stalker
    10 | D:1      | Noticed a gargoyle
    10 | D:1      | Noticed an armataur
    12 | D:1      | Noticed a demigod
    14 | D:1      | Noticed a troll
    14 | D:1      | Noticed an ogre
    16 | D:1      | Noticed a draconian
    18 | D:1      | Noticed a formicid
    18 | D:1      | Noticed an octopode
    20 | D:1      | Noticed a demonspawn
    20 | D:1      | Noticed a spriggan
    22 | D:1      | Noticed a naga
    22 | D:1      | Noticed an elf
    24 | D:1      | Noticed a felid
    24 | D:1      | Noticed a human
    26 | D:1      | Noticed a merfolk
    26 | D:1      | Noticed an elf
   309 | D:1      | Reached XP level 2. HP: 17/18 MP: 3/5
   352 | D:1      | Learned a level 2 spell: Wereblood
   482 | D:1      | Found Jutef's Jewellery Emporium.
   729 | D:2      | Noticed Terence
   745 | D:2      | Reached XP level 3. HP: 23/23 MP: 0/6
   813 | D:2      | Killed Terence
   814 | D:2      | Reached XP level 4. HP: 15/28 MP: 4/7
  1018 | D:2      | Reached skill level 1 in Ice Magic
  1259 | D:2      | Noticed Jessica
  1267 | D:2      | Killed Jessica
  1358 | D:2      | Identified the +6 trident of Hatred {heavy, MP+9}
  1492 | D:2      | Noticed Natasha
  1520 | D:3      | Found a basalt altar of Yredelemnul.
  1765 | D:3      | Found a runed translucent door.
  1766 | D:3      | Noticed Crazy Yiuf
  1794 | D:3      | Reached XP level 5. HP: 34/34 MP: 4/8
  1799 | D:3      | Learned a level 4 spell: Ice Form
  1931 | D:3      | Noticed a phantom
  2003 | D:4      | HP: 1/34 [acid (9)]
  2004 | D:4      | Splashed by a jelly's acid

Illustrated notes

Levels and vault maps discovered:
D:1:      kb_arrival_jail, layout_rooms, serial_shops, shop
D:2:      layout_basic, hangedman_decor_push, uniq_jessica, uniq_terence,
          uniq_natasha
D:3:      layout_basic, yredelemnul_altar_generic, hangedman_decor_peaks_small,
          lexackson_kobold_supper, uniq_crazy_yiuf_cottage
D:4:      layout_basic, nicolae_overflow_crystal_walls, corexii_checkpoint_a,
          kennysheep_generic_room_10

Skill      XL: |  1  2  3  4 |
---------------+-------------+-----
Ice Magic      | 1 |  1.3
Transmutations | 3 |  3.2
Fighting       | |  1.8
Dodging        | |  2.4
Unarmed Combat | |  3.4
Spellcasting   | |  2.4

Action                   |  1- 3 |  4- 6 || total
-------------------------+-------+-------++-------
Melee: Unarmed           |    48 |    46 ||    94
       Constrict         |    14 |    10 ||    24
       Tentacles         |    11 |     5 ||    16
       Kick              |    14 |    13 ||    27
       Punch             |     1 |     1 ||     2
 Cast: Beastly Appendage |    12 |    16 ||    28
       Wereblood         |     5 |    14 ||    19
  Use: Potion            |     1 |     1 ||     2
 Stab: Sleeping          |     1 |     4 ||     5
Armor: Skin              |     6 |     8 ||    14
Dodge: Dodged            |    20 |    24 ||    44

Table legend: (Time is in decaauts)
 A = Elapsed time spent in this place.
 B = Non-inter-level travel time spent in this place.
 C = Inter-level travel time spent in this place.
 D = Time resting spent in this place.
 E = Time spent auto-exploring this place.
 F = Levels seen in this place.
 G = Mean time per level.
                   A        B        C        D        E       F      G
               +--------+--------+--------+--------+--------+-----+--------+
         Total |   2003 |   1985 |     18 |    178 |   1425 |   4 |  500.8 |
       Dungeon |   2003 |   1985 |     18 |    178 |   1425 |   4 |  500.8 |
               +--------+--------+--------+--------+--------+-----+--------+

Top non-repeatable levels by time:
     D:2: 862 daAuts
     D:1: 655 daAuts
     D:3: 424 daAuts
     D:4: 61 daAuts
